 Dungeon Crawl Stone Soup version 0.28-a0-697-g47f3eba078 (webtiles) character file.

Game seed: 6049428365147657536

1309 jasper the Slasher (level 8, -5/56 HPs)
             Began as a Demonspawn Artificer on Oct 23, 2021.
             Was an Initiate of Okawaru.
             Slain by a two-headed ogre (16 damage)
             ... on level 7 of the Dungeon.
             The game lasted 00:08:31 (6309 turns).

jasper the Slasher (Demonspawn Artificer)           Turns: 6309, Time: 00:08:32

Health: -5/56      AC: 11    Str: 16    XL:     8   Next: 32%
Magic:  8/8        EV:  7    Int: 12    God:    Okawaru [......]
Gold:   119        SH:  6    Dex: 13    Spells: 7/7 levels left

rFire   . . .      SeeInvis .   k - +0 long sword
rCold   . . .      Faith    .   h - +1 buckler {rPois}
rNeg    . . .      Spirit   .   l - +0 chain mail
rPois   +          Reflect  .   (no helmet)
rElec   .          Harm     .   (no cloak)
rCorr   .          Rampage  .   r - +0 pair of gloves
Will    .....                   g - +0 pair of boots
Stlth   ..........              p - amulet of magic regeneration
HPRegen 0.18/turn               (no ring)
MPRegen 0.36/turn               (no ring)

@: mighty, flying, hasted, very quick
A: spiny 1, demonic magic 1
a: Renounce Religion


You were on level 7 of the Dungeon.
You worshipped Okawaru.
Okawaru was noncommittal.
You visited 2 branches of the dungeon, and saw 8 of its levels.
You also visited: Ossuary.

You collected 301 gold pieces.
You spent 182 gold pieces at shops.

Inventory:

Hand Weapons
 a - a +0 club
 i - a +4 dagger
 k - a +0 long sword (weapon)
 u - a +0 rapier
Missiles
 f - 164 stones
 j - 5 poisoned darts
 o - 2 boomerangs (quivered)
 q - 6 javelins
 y - 2 curare-tipped darts
 A - 3 boomerangs of dispersal
Armour
 b - a +0 leather armour
 g - a +0 pair of boots (worn)
 h - a +1 buckler of poison resistance (worn)
 l - a +0 chain mail (worn)
 r - a +0 pair of gloves (worn)
Jewellery
 p - an amulet of magic regeneration (around neck)
Wands
 d - a wand of charming (9)
Scrolls
 c - a scroll of immolation
Potions
 m - 3 potions of haste
 n - a potion of heal wounds
 B - a potion of mutation {unknown}
Miscellaneous
 e - a piece from Xom's chessboard (14/15)


   Skills:
 - Level 2.0 Fighting
 + Level 7.6 Long Blades
 - Level 2.3 Armour
 - Level 1.8 Dodging
 - Level 0.8 Stealth
 - Level 4.0 Shields
 - Level 3.0 Evocations


You had 7 spell levels left.
You didn't know any spells.
Your spell library contained the following spells:

 Spells                   Type           Power      Damage    Failure   Level
 Scorch                   Fire           0%         2d5       100%        2
 Flame Wave               Conj/Fire      0%         3d3       100%        4
 Summon Cactus Giant      Summ           Unusable   N/A       N/A         6

Dungeon Overview and Level Annotations

Branches:
Dungeon (7/15)             Temple (1/1) D:7         Ossuary (visited)

Altars:
Ashenzari
Cheibriados
Elyvilon
Fedhas
Gozag
Hepliaklqana
Kikubaaqudgha
Makhleb
Nemelex Xobeh
Okawaru
Qazlal
Ru
Sif Muna
Uskayaw
Wu Jian
Yredelemnul
The Shining One

Shops:
D:3 [


Innate Abilities, Weirdness & Mutations

You are partially covered in sharp spines.
Spells you cast may paralyse adjacent enemies.


Message History

A two-headed ogre comes into view.
It is wielding a +0 giant spiked club and a +0 giant club.
An orc warrior comes into view. It is wielding a +0 glaive.
Okay, then.
It was a potion of flight.
You feel very buoyant.
You fly up into the air.
The orc warrior shouts!
The orc is struck by your spines. The orc hits you but does no damage.
It was a potion of might.
You feel very mighty all of a sudden. You block the orc's attack.
You feel yourself speed up. The orc is struck by your spines.
The orc hits you but does no damage.
You slash the orc!
You kill the orc!
Okawaru accepts your kill.
You slash the water moccasin!
The water moccasin is severely wounded.
The water moccasin bites you.
You take 1 damage, and have 55/56 hp.
You slash the water moccasin!
You kill the water moccasin!
Okawaru accepts your kill.
Okay, then.
You make a move on Xom's chessboard...
The orc warrior twists and deforms.
You slash the two-headed ogre!
The two-headed ogre is lightly wounded.
The two-headed ogre hits you with a +0 giant spiked club.
The two-headed ogre hits you with a +0 giant club!
The orc warrior hits you from afar with a +0 glaive.
You take 25 damage, and have 30/56 hp.
MASSIVE DAMAGE!!
You closely miss the two-headed ogre.
The two-headed ogre is lightly wounded.
You hit the two-headed ogre.
The two-headed ogre is moderately wounded.
You block the orc warrior's attack.
The two-headed ogre hits you with a +0 giant spiked club!!
* * * LOW HITPOINT WARNING * * *
The two-headed ogre hits you with a +0 giant club!
You die...

..# .... ### ..#
####.####.. ..#
####.....†...P ...
#### #.......######
...
...#####.......###P#.
...
#....##.......##....
..#
....##..........P#.
..#
#...#...........##
#..
#@..#............P
^.#
#O#...######....... #
#o#...######....... #
#.##...#........... #
.. #...+........... #
.# ##.##.....######
.. #........# # ##
##.†###### #..#


You could see a two-headed ogre and an orc warrior (misshapen).

Vanquished Creatures
  Duvessa (D:6)
  A water moccasin (D:7)
  2 necrophages
  A hornet zombie (D:5)
  An ogre (D:4)
  A phantom (D:4)
  2 bullfrogs
  A scorpion (D:6)
  A water moccasin zombie (D:4)
  A water moccasin skeleton (D:7)
  A howler monkey (D:5)
  A bullfrog zombie (D:5)
  A hound (D:6)
  A jelly (D:6)
  An iguana (D:7)
  Ijyb (D:4)
  A mummy (D:5)
  A howler monkey zombie (D:6)
  4 adders
  An ufetubus (D:4)
  A worm (D:2)
  A dart slug (D:1)
  An orc (D:7)
  6 bats
  2 endoplasms
  2 giant cockroaches
  2 hobgoblins
  6 jackals (D:2)
  5 quokkas
  5 ball pythons
  3 frilled lizards
  6 goblins
  A hobgoblin zombie (D:5)
  4 kobolds
  4 rats
74 creatures vanquished.

Vanquished Creatures (collateral kills)
  An orc zombie (Ossuary)
1 creature vanquished.

Vanquished Creatures (others)
  A phantom (D:6)
  Dowan (D:6)
2 creatures vanquished.

Grand Total: 77 creatures vanquished

Notes
Turn   | Place    | Note
-------+----------+-------------------------------------------
     0 | D:1      | jasper the Demonspawn Artificer began the quest for the
                  | Orb.
     0 | D:1      | Reached XP level 1. HP: 15/15 MP: 1/1
    46 | D:1      | Reached skill level 1 in Dodging
   149 | D:1      | Gained mutation: Spells you cast may paralyse adjacent
                  | enemies. [demonic ancestry]
   149 | D:1      | Reached XP level 2. HP: 19/21 MP: 2/2
  1045 | D:2      | Reached XP level 3. HP: 27/27 MP: 3/3
  1484 | D:2      | Reached skill level 1 in Long Blades
  2680 | D:3      | Reached XP level 4. HP: 33/33 MP: 4/4
  2733 | D:3      | Found Tienoadgh's Armour Shoppe.
  2749 | D:3      | Bought a +0 pair of gloves for 63 gold pieces
  2952 | D:4      | Noticed a phantom
  2956 | D:4      | Noticed Ijyb
  2968 | D:4      | Killed a phantom
  2969 | D:4      | Reached skill level 3 in Long Blades
  2969 | D:4      | Gained mutation: You are partially covered in sharp spines.
                  | [demonic ancestry]
  2969 | D:4      | Reached XP level 5. HP: 26/38 MP: 5/5
  2970 | D:4      | Paralysed by Ijyb for 3 turns
  2980 | D:4      | Killed Ijyb
  3402 | D:4      | Noticed an ogre
  3422 | D:4      | Killed an ogre
  3423 | D:4      | Reached skill level 4 in Long Blades
  3523 | D:4      | Noticed an ogre
  3555 | D:5      | Entered Level 5 of the Dungeon
  3566 | D:5      | Reached XP level 6. HP: 37/44 MP: 6/6
  3645 | D:5      | Reached skill level 5 in Long Blades
  3720 | D:5      | Found a sand-covered staircase.
  3728 | Ossuary  | Entered an ossuary
  4088 | D:5      | Reached XP level 7. HP: 50/50 MP: 7/7
  4265 | D:4      | Reached skill level 6 in Long Blades
  4275 | D:3      | Bought a +0 buckler of poison resistance for 119 gold
                  | pieces
  4567 | D:6      | Reached skill level 1 in Shields
  5304 | D:6      | Noticed Dowan
  5308 | D:6      | Noticed Duvessa
  5329 | D:6      | Your ally Dowan died
  5339 | D:6      | Killed Duvessa
  5340 | D:6      | Reached XP level 8. HP: 14/56 MP: 8/8
  5997 | D:7      | Found a staircase to the Ecumenical Temple.
  6041 | D:7      | Reached skill level 7 in Long Blades
  6051 | Temple   | Entered the Ecumenical Temple
  6178 | Temple   | Became a worshipper of Warmaster Okawaru
  6298 | D:7      | Noticed a two-headed ogre
  6309 | D:7      | Slain by a two-headed ogre

Illustrated notes

Levels and vault maps discovered:
D:1:      matt_arrival_grand_opening, layout_basic, minmay_tetromino_t2
D:2:      layout_basic, wad_floor_pattern_untrapped, corexii_corridor_pit,
          minivault_23, glass_columns_a
D:3:      layout_rooms, serial_shops, nicolae_shop_trees, grunt_decor_junction
D:4:      layout_basic, mainiacjoe_overflow_six_doors_small,
          hangedman_decor_lopped, st_stairs_3, uniq_blork_the_orc, uniq_ijyb
D:5:      layout_basic, nicolae_ossuary_entry_giza
D:6:      layout_loops_corners, uniq_duvessa
D:7:      minmay_the_grid_four_pointed_star
          [minmay_the_grid_triangle_9x9_checkered,
          minmay_the_grid_triangle_9x9_alien,
          minmay_the_grid_triangle_9x9_wacky_v,
          minmay_the_grid_triangle_9x9_steps,
          minmay_the_grid_prize_shrinking_boxes], layout_basic,
          minmay_temple_entry_gardened_gates
Temple:   minmay_crystal_spiral_temple

Skill      XL: |  1  2  3  4  5  6  7  8 |
---------------+-------------------------+-----
Dodging        | 1 |  1.8
Armour         | 2 |  2.3
Fighting       | 2 |  2.0
Long Blades    | 1 3 4 5 6 7 |  7.6
Shields        | 4 |  4.0
Stealth        | |  0.8
Evocations     | |  3.0

Action                   |  1- 3 |  4- 6 |  7- 9 || total
-------------------------+-------+-------+-------++-------
Melee: Club              |    16 |       |       ||    16
       Dagger            |     8 |       |       ||     8
       Long sword        |    64 |    46 |    22 ||   132
       Rapier            |       |    29 |    58 ||    87
       Unarmed           |       |       |     3 ||     3
Throw: Dart              |    27 |       |       ||    27
       Stone             |    33 |       |       ||    33
       Boomerang         |    15 |    32 |    26 ||    73
Evoke: Wand              |    12 |     5 |     4 ||    21
       Piece from Xom's  |       |       |     3 ||     3
  Use: Scroll            |     3 |     2 |     7 ||    12
       Potion            |       |     2 |     5 ||     7
 Stab: Paralysed         |       |     4 |       ||     4
Armor: Leather armour    |    15 |       |       ||    15
       Chain mail        |    31 |    49 |    34 ||   114
Dodge: Dodged            |    65 |    31 |    18 ||   114
Block: Buckler           |       |       |    20 ||    20

Table legend: (Time is in decaauts)
 A = Elapsed time spent in this place.
 B = Non-inter-level travel time spent in this place.
 C = Inter-level travel time spent in this place.
 D = Time resting spent in this place.
 E = Time spent auto-exploring this place.
 F = Levels seen in this place.
 G = Mean time per level.
                   A        B        C        D        E       F      G
               +--------+--------+--------+--------+--------+-----+--------+
         Total |   6372 |   5841 |    531 |   1315 |   3494 |   9 |  708.0 |
       Dungeon |   6138 |   5687 |    451 |   1315 |   3379 |   7 |  876.9 |
        Temple |    208 |    128 |     80 |      0 |    109 |   1 |  208.0 |
       Ossuary |     24 |     24 |      0 |      0 |      6 |   1 |   24.0 |
               +--------+--------+--------+--------+--------+-----+--------+

Top non-repeatable levels by time:
     D:6: 1424 daAuts
     D:2: 1153 daAuts
     D:3: 1106 daAuts
     D:1: 888 daAuts
     D:4: 700 daAuts
     D:5: 677 daAuts
  Temple: 208 daAuts
     D:7: 188 daAuts
 Ossuary: 24 daAuts
